 Dungeon Crawl Stone Soup version 0.20.1-1-g8b1a95d (webtiles) character file.

1449 WiZmei the Cudgeler (level 8, -1/73 HPs)
             Began as a Gargoyle Fighter on Nov 29, 2017.
             Slain by an unseen horror (2 damage)
             ... on level 6 of the Dungeon.
             The game lasted 00:21:38 (6220 turns).

WiZmei the Cudgeler (Gargoyle Fighter)              Turns: 6220, Time: 00:21:38

Health: -1/73      AC: 17    Str: 26    XL:     8   Next: 75%
Magic:  8/8        EV:  9    Int: 15    God:
Gold:   322        SH: 11    Dex: 14    Spells: 7/7 levels left

rFire    + + .     SeeInvis .   z - +1 flail (protect)
rCold    . . .     Gourm    .   c - +0 shield
rNeg     + . .     Faith    .   x - +2 scale mail {rF+}
rPois    ∞         Spirit   .   v - +0 helmet
rElec    +         Reflect  .   (no cloak)
rCorr    .         Harm     .   (no gloves)
MR       .....                  (no boots)
Stlth    ..........             (no amulet)
Regen    0.3/turn               s - +3 ring of dexterity
MPRegen  0.2/turn               q - ring of protection from fire

@: brilliant, berserking, very quick
A: thin metallic scales 1, agile 1, negative energy resistance 1, electricity
resistance, unbreathing, petrification resistance, rot immunity, AC +5
a: no special abilities


You were on level 6 of the Dungeon.
You were hungry.

You visited 2 branches of the dungeon, and saw 7 of its levels.

You collected 322 gold pieces.

Inventory:

Hand Weapons
 j - a +0 hunting sling
 z - a +1 flail of protection (weapon)
Missiles
 y - 19 sling bullets
Armour
 c - a +0 shield (worn)
 v - a +0 helmet (worn)
 x - a +2 scale mail of fire resistance (worn)
Jewellery
 q - a ring of protection from fire (right hand)
 s - a +3 ring of dexterity (left hand)
 C - an uncursed ring of ice
Wands
 a - a wand of lightning (5/15)
Scrolls
 d - a scroll of teleportation
 i - 3 scrolls of amnesia
 k - 2 scrolls of remove curse
 r - 2 scrolls of identify
Potions
 b - a potion of degeneration {unknown}
 g - 2 potions of mutation
 h - 2 potions of ambrosia {unknown}
 l - a potion of invisibility {unknown}
 n - 3 potions of flight {unknown}
 o - 4 potions of berserk rage
 p - 3 potions of brilliance
 w - a potion of resistance {unknown}
 A - a potion of heal wounds {unknown}
Books
 e - a book of Minor Magic

   Spells                             Type                      Level
   a - Magic Dart                     Conjuration                  1
   b - Blink                          Translocation                2
   c - Call Imp                       Summoning                    2
   d - Slow                           Hexes                        2
   e - Conjure Flame                  Conjuration/Fire             3
   f - Mephitic Cloud                 Conjuration/Poison/Air       3
Comestibles
 f - 5 meat rations
 t - 2 bread rations
 u - 6 fruits
 B - a royal jelly
 D - 3 chunks of flesh


   Skills:
 + Level 5.3 Fighting
 + Level 6.6 Maces & Flails
 + Level 1.0 Slings
 + Level 5.4 Armour
 + Level 2.0 Dodging
 + Level 0.5 Stealth
 + Level 6.6 Shields


You had 7 spell levels left.
You didn't know any spells.

Dungeon Overview and Level Annotations

Branches:
Dungeon (6/15)             Temple (1/1) D:4

Altars:
Ashenzari
Cheibriados
Dithmenos
Fedhas
Gozag
Hepliaklqana
Kikubaaqudgha
Nemelex Xobeh
Okawaru
Qazlal
Ru
Sif Muna
Trog
Uskayaw
Vehumet
Xom
Yredelemnul

Shops:
D:6 (


Innate Abilities, Weirdness & Mutations

You are resistant to torment.
Your stone body is resilient. (AC +5)
You are immune to poison.
You resist negative energy. (rN+)
You are resistant to electric shocks. (rElec)
You can survive without breathing.
You are immune to petrification.
You are immune to rotting.
You are partially covered in thin metallic scales. (AC +2)
You are agile. (Dex +2)


Message History

There is a stone staircase leading down here.
Something hits you but does no damage. x2
You climb downwards.
There is a stone staircase leading up here.
Something hits you.
* * * LOW HITPOINT WARNING * * *
Something hits you.
* * * LOW HITPOINT WARNING * * *
You feel better. Something hits you.
* * * LOW HITPOINT WARNING * * *
Something hits you but does no damage. x2
Something hits you but does no damage.
It was a potion of brilliance.
You feel clever all of a sudden. Something hits you but does no damage.
Something hits you.
* * * LOW HITPOINT WARNING * * *
It was a potion of berserk rage.
A red film seems to cover your vision as you go berserk!
You feel yourself moving faster!
You feel mighty! Something hits you.
You die...

######.####.# #........##
#...........####........#.
#..........................
#...........#.##.....##....
#...........#.....##....#.###
#................## ##.......
#..........#<..### ##.#.....
#.........>#{#.### #..#.....
#..........#@#...# ##.##.....
#............###.###..###.###
#............................
###########..............
#######........ #########


There were no monsters in sight!

Vanquished Creatures
  A hippogriff (D:5)
  Edmund (D:6)
  A black bear (D:5)
  A sky beast (D:5)
  3 ogres (D:4)
  2 phantoms
  A centaur (D:5)
  2 howler monkeys
  2 crimson imps
  An orc priest (D:3)
  Terence (D:3)
  An orc wizard (D:4)
  A worker ant (D:4)
  A hound zombie (D:5)
  Robin (D:4)
  4 adders
  A shadow imp (D:6)
  An ooze (D:2)
  An adder skeleton (D:4)
  An adder zombie (D:5)
  3 worms
  2 dart slugs
  3 leopard geckos
  8 orcs
  8 bats
  3 giant cockroaches
  2 gnoll zombies (D:5)
  23 goblins
  9 hobgoblins
  9 jackals
  3 quokkas
  A ball python (D:2)
  5 frilled lizards
  13 kobolds
  10 rats
130 creatures vanquished.

Notes
Turn   | Place    | Note
-------+----------+-------------------------------------------
     0 | D:1      | WiZmei the Gargoyle Fighter began the quest for the Orb.
     0 | D:1      | Reached XP level 1. HP: 14/14 MP: 1/1
   253 | D:1      | Reached XP level 2. HP: 19/19 MP: 2/2
   967 | D:2      | Reached XP level 3. HP: 22/23 MP: 3/3
  1460 | D:2      | Found a shattered altar of Ashenzari.
  2009 | D:2      | Reached XP level 4. HP: 21/28 MP: 4/4
  2237 | D:3      | Found a hazy altar of Hepliaklqana.
  2502 | D:3      | Noticed Terence
  2532 | D:3      | Killed Terence
  2532 | D:3      | Reached XP level 5. HP: 33/33 MP: 5/5
  2605 | D:3      | Found a bloodstained altar of Trog.
  3367 | D:4      | Found a staircase to the Ecumenical Temple.
  3382 | Temple   | Entered the Ecumenical Temple
  3488 | D:4      | Noticed an ogre
  3510 | D:4      | Killed an ogre
  3510 | D:4      | Reached XP level 6. HP: 17/38 MP: 6/6
  4011 | D:4      | Noticed Robin
  4034 | D:4      | Killed Robin
  4312 | D:4      | Found a snail-covered altar of Cheibriados.
  4395 | D:4      | Noticed a phantom
  4445 | D:4      | Killed a phantom
  4445 | D:4      | Reached skill level 1 in Dodging
  4445 | D:4      | Reached skill level 5 in Shields
  4445 | D:4      | Reached XP level 7. HP: 37/43 MP: 7/7
  4540 | D:4      | Found a deep blue altar of Sif Muna.
  4659 | D:4      | Reached skill level 5 in Maces & Flails
  4659 | D:4      | Reached skill level 5 in Armour
  4903 | D:4      | Found a blossoming altar of Fedhas.
  4905 | D:4      | Found a hide-covered altar of Uskayaw.
  4996 | D:5      | Entered Level 5 of the Dungeon
  5022 | D:5      | Reached skill level 1 in Slings
  5098 | D:5      | Found a basalt altar of Yredelemnul.
  5142 | D:5      | Found a sparkling altar of Nemelex Xobeh.
  5316 | D:5      | Reached XP level 8. HP: 42/48 MP: 8/8
  5510 | D:5      | Noticed a hippogriff
  5536 | D:5      | Killed a hippogriff
  5706 | D:5      | Reached skill level 5 in Fighting
  5773 | D:5      | Found a blossoming altar of Fedhas.
  5913 | D:6      | Noticed Edmund
  5936 | D:6      | Killed Edmund
  5947 | D:6      | Gained mutation: You are partially covered in thin metallic scales. (AC +2) [potion of mutation]
  5947 | D:6      | Gained mutation: You are agile. (Dex +2) [potion of mutation]
  5999 | D:6      | Found Noozar's Weapon Emporium.
  6216 | D:6      | HP: 1/49 [something (3)]
  6220 | D:6      | Slain by an unseen horror

Skill      XL: |  1  2  3  4  5  6  7  8 |
---------------+-------------------------+-----
Armour         | 4 5 |  5.4
Maces & Flails | 3 4 5 6 |  6.6
Fighting       | 4 5 |  5.3
Shields        | 4 5 6 |  6.6
Dodging        | 1 2 |  2.0
Slings         | 1 |  1.0
Stealth        | |  0.5

Action                   |  1- 3 |  4- 6 |  7- 9 || total
-------------------------+-------+-------+-------++-------
Melee: Flail             |   164 |   286 |   209 ||   659
 Fire: Hunting sling     |       |       |     8 ||     8
  Use: Scroll            |       |     6 |     6 ||    12
       Potion            |       |     1 |     8 ||     9
  Eat: Chunk             |     1 |     6 |     1 ||     8
       Bread ration      |     1 |       |     1 ||     2
       Fruit             |       |       |     1 ||     1
Armor: Scale mail        |    80 |   190 |   186 ||   456
       Chain mail        |    36 |    53 |       ||    89
Dodge: Dodged            |    55 |   123 |    87 ||   265
Block: Shield            |   126 |   207 |   145 ||   478
